Map: [ESL] Hard Lead

Players

Silky

  • Race: Zerg Zerg
  • Spawn Location: 11:00

Nice - Winner!

  • Race: Protoss Protoss
  • Spawn Location: 5:00

Event: ESL SC2 Masters 2023 Winter (Regional)

VOD

Have the link to the VOD?

Description

Time

  • Played on: Oct. 29, 2023, 7:22 a.m.
  • Length: 11:05

All games in this series

Show
View Real Time Build Order
Export as new Build Order

Silky Zerg 

Build Orders: Hatch First 

Get SALT Encoding   

  12  0:00  Drone  
  13  0:12  Overlord  
  13  0:17  Drone  
  14  0:31  Drone x2  
  16  0:49  Hatchery  
  15  0:52  Drone  
  15  0:55  Drone  
  17  0:59  Drone  
  18  1:06  Extractor  
  17  1:15  Spawning Pool  
  17  1:17  Drone  
  17  1:21  Drone  
  18  1:28  Drone  
  19  1:39  Drone  
  20  1:49  Drone  
  21  2:02  Zergling x2, Queen x2  
  21  2:04  Drone  
  21  2:07  Metabolic Boost  
  27  2:13  Overlord  
  27  2:15  Drone  
  28  2:30  Hatchery  
  28  2:34  Drone x2  
  28  2:37  Drone  
  30  2:39  Drone  
  31  2:44  Drone  
  31  2:48  Queen  
  34  2:52  Overlord  
  34  2:56  Drone  
  34  2:57  Drone  
  36  3:05  Overlord  
  36  3:08  Overlord  
  36  3:13  Drone x2  
  36  3:14  Drone  
  36  3:16  Queen  
  41  3:22  Zergling x4  
  41  3:25  Queen  
  45  3:27  Zergling x2  
  45  3:32  Zergling x2  
  47  3:38  Drone  
  48  3:42  Drone x3  
  48  3:47  Roach Warren  
  50  3:48  Drone x2  
  52  3:56  Extractor, Overlord  
  52  3:58  Drone x5  
  56  4:06  Overlord  
  56  4:07  Zergling x2  
  57  4:10  Zergling x2  
  57  4:15  Spore Crawler x2  
  57  4:16  Spore Crawler  
  55  4:18  Zergling x8  
  59  4:26  Drone x5  
  63  4:32  Roach x2  
  63  4:33  Roach  
  69  4:39  Roach  
  69  4:40  Roach  
  69  4:43  Roach x2  
  77  4:52  Overlord x2  
  73  4:53  Drone x2  
  73  4:57  Lair  
  75  5:01  Drone x2  
  75  5:06  Drone x4  
  81  5:13  Overlord  
  81  5:17  Extractor, Evolution Chamber  
  81  5:20  Drone x4  
  81  5:25  Extractor  
  81  5:26  Roach x3  
  86  5:37  Roach  
  86  5:38  Roach x4  
  86  5:41  Overlord x2  
  94  5:45  Extractor  
  94  5:46  Zerg Missile Weapons Level 1  
  93  5:56  Drone x4, Overlord x2  
  93  5:57  Overlord  
  97  6:02  Drone x2  
  99  6:07  Drone x5, Overseer  
  99  6:09  Glial Reconstitution  
  104  6:17  Roach x4  
  112  6:20  Roach  
  112  6:21  Roach  
  112  6:24  Overlord  
  118  6:25  Roach  
  118  6:31  Roach x3  
  124  6:35  Overlord  
  124  6:44  Overlord x4  
  124  6:54  Roach x3  
  126  7:07  Roach x7  
  131  7:11  Overseer  
  131  7:14  Roach x5  
  141  7:16  Roach  
  143  7:26  Roach x3  
  143  7:27  Ravager x2  
  151  7:33  Roach x2  
  151  7:36  Roach x2  
  159  7:40  Roach  
  159  7:41  Overlord x2  
  159  7:43  Zergling x2  
  162  7:47  Overlord  
  162  7:54  Overseer  
  162  7:56  Overseer  
  162  7:59  Overlord  
  162  8:05  Roach x7  
  176  8:12  Roach x3  
  153  8:29  Roach x4  
  147  8:36  Zergling x18  
  147  8:40  Roach x2  
  136  8:50  Roach  
  136  8:51  Roach x4  
  138  8:57  Roach  
  138  8:58  Roach x3  
  138  8:59  Ravager x2  
  148  9:03  Roach  
  148  9:04  Zergling x6  
  148  9:07  Roach  
  137  9:17  Roach x3  
  137  9:23  Roach  
  128  9:29  Roach x7  
  115  9:39  Roach x2  
  115  9:40  Roach  
Show
View Real Time Build Order
Export as new Build Order

Nice Protoss - Winner!

Build Orders: 1 Gate Expand, Archon Immortal, Archon Drop, Dark Templar Rush 

Get SALT Encoding   

  12  0:00  Probe  
  13  0:12  Probe  
  14  0:20  Pylon  
  14  0:24  Probe  
  15  0:38  Gateway, Probe (Chrono Boost)  
  16  0:48  Assimilator, Probe (Chrono Boost)  
  17  0:53  Probe (Chrono Boost)  
  18  1:04  Probe  
  19  1:16  Probe  
  20  1:23  Nexus  
  20  1:32  Cybernetics Core  
  20  1:38  Assimilator  
  20  1:40  Probe  
  21  1:49  Pylon  
  21  1:52  Probe  
  22  2:04  Probe (Chrono Boost)  
  22  2:06  Adept (Chrono Boost)  
  23  2:09  Warp Gate  
  26  2:16  Probe (Chrono Boost)  
  26  2:20  Twilight Council  
  26  2:21  Probe (Chrono Boost)  
  27  2:28  Stalker  
  30  2:37  Probe (Chrono Boost)  
  30  2:42  Probe (Chrono Boost)  
  31  2:46  Probe (Chrono Boost)  
  31  2:49  Robotics Facility  
  33  2:51  Probe x2 (Chrono Boost)  
  34  3:03  Probe  
  35  3:10  Gateway  
  35  3:11  Probe  
  36  3:14  Dark Shrine  
  36  3:15  Probe  
  37  3:23  Probe  
  38  3:28  Gateway, Probe  
  38  3:33  Gateway  
  39  3:40  Warp Prism (Chrono Boost)  
  41  3:49  Pylon  
  41  3:52  Probe  
  41  3:54  Pylon, Probe  
  43  3:59  Assimilator  
  43  4:02  Assimilator  
  43  4:06  Probe  
  43  4:07  Probe  
  45  4:18  Probe  
  45  4:19  Probe  
  47  4:31  Probe x2  
  49  4:34  Pylon  
  49  4:36  Dark Templar x3  
  49  4:37  Dark Templar  
  57  4:43  Probe x2  
  59  4:48  Charge  
  59  4:52  Nexus, Shadow Stride (Chrono Boost)  
  59  5:02  Shield Battery  
  59  5:06  Probe x2  
  61  5:09  Archon  
  61  5:11  Dark Templar  
  61  5:12  Archon  
  61  5:14  Observer (Chrono Boost), Zealot  
  64  5:16  Zealot  
  64  5:18  Probe  
  64  5:19  Probe  
  68  5:26  Dark Templar  
  70  5:49  Pylon  
  70  5:56  Pylon  
  70  5:57  Pylon  
  70  6:01  Immortal (Chrono Boost), Forge  
  70  6:03  Probe x2  
  76  6:08  Dark Templar  
  76  6:09  Dark Templar x2  
  82  6:13  Probe  
  82  6:15  Probe x2  
  85  6:25  Probe  
  86  6:27  Probe x2  
  86  6:30  Assimilator  
  86  6:31  Assimilator  
  88  6:37  Probe  
  88  6:39  Immortal (Chrono Boost)  
  95  6:40  Protoss Ground Weapons Level 1 (Chrono Boost), Probe x2  
  95  6:44  Robotics Facility  
  95  6:49  Probe  
  95  6:52  Probe x2  
  98  6:56  Pylon  
  98  7:01  Probe  
  98  7:04  Probe x2  
  101  7:13  Gateway, Probe  
  102  7:16  Gateway, Probe  
  102  7:17  Gateway  
  102  7:19  Gateway  
  103  7:24  Dark Templar x3  
  103  7:28  Pylon  
  103  7:29  Pylon  
  113  7:31  Immortal (Chrono Boost), Pylon  
  113  7:36  Pylon x2  
  113  7:37  Archon x3  
  113  7:39  Archon, Pylon  
  113  7:40  Immortal (Chrono Boost)  
  117  7:50  Pylon  
  117  7:52  Pylon  
  117  7:54  Pylon  
  117  7:55  Sentry  
  117  7:57  Sentry  
  117  7:58  Sentry, Shield Battery  
  123  7:59  Pylon  
  123  8:00  Immortal (Chrono Boost)  
  123  8:02  Shield Battery  
  127  8:08  Stalker x2  
  127  8:10  Zealot  
  121  8:25  Zealot x5  
  117  8:32  Immortal (Chrono Boost)  
  108  8:37  Immortal (Chrono Boost)  
  110  8:42  Zealot x3  
  100  8:58  Stalker x3  
  100  8:59  Stalker x2  
  110  9:05  Immortal (Chrono Boost)  
  110  9:09  Zealot x3  
  112  9:22  Zealot x3  
  108  9:29  Immortal  
  100  9:39  Zealot x3  
  100  9:40  Immortal  
  100  9:42  Zealot x2  
Tags
 
Add a new tag
Caveats
  • Supply blocks, unpowered buildings, or Contaminate may cause inaccurate times.
  • Supply counts are checked every 10 seconds.